 Dungeon Crawl Stone Soup version 0.22.1-2-g9c5b331 (webtiles) character file.

2482 whitewolfNL the Basher (level 9, -1/75 HPs)
             Began as a Minotaur Berserker on Jan 4, 2019.
             Was an Elder of Trog.
             Slain by a gnoll
             ... wielding a +0 halberd
              (4 damage)
             ... on level 7 of the Dungeon.
             The game lasted 00:23:33 (6651 turns).

whitewolfNL the Basher (Minotaur Berserker)         Turns: 6651, Time: 00:23:35

Health: -1/75      AC: 12    Str: 23    XL:     9   Next: 27%
Magic:  10/10      EV: 10    Int:  5    God:    Trog [****..]
Gold:   324        SH:  0    Dex: 11    Spells: 8/8 levels left

rFire    . . .     SeeInvis .   B - +3 quarterstaff (chaos)
rCold    . . .     Gourm    .   (shield currently unavailable)
rNeg     . . .     Faith    .   u - +0 chain mail
rPois    .         Spirit   .   (helmet restricted)
rElec    .         Reflect  .   C - +1 cloak {MR+}
rCorr    +         Harm     .   (no gloves)
MR       +....                  (no boots)
Stlth    ..........             (no amulet)
HPRegen  0.22/turn              I - ring of attention (curse)
MPRegen  0.12/turn              m - ring of resist corrosion

@: berserk cooldown, fainting, slowed, very slow
A: retaliatory headbutt, horns 2
a: Berserk, Trog's Hand, Brothers in Arms, Renounce Religion


You were on level 7 of the Dungeon.
You worshipped Trog.
Trog was greatly pleased with you.
You were fainting.

You visited 1 branch of the dungeon, and saw 7 of its levels.

You collected 324 gold pieces.

Inventory:

Hand Weapons
 l - a +0 flail
 B - a +3 quarterstaff of chaos (weapon)
 J - a +3 shortbow
Missiles
 d - 60 bolts
 h - 129 stones (quivered)
 y - 56 arrows
Armour
 u - a +0 chain mail (worn)
 C - a +1 cloak of magic resistance (worn)
Jewellery
 m - a ring of resist corrosion (right hand)
 t - a +1 ring of protection
 F - a +3 ring of dexterity
 I - a cursed ring of attention (left hand)
Wands
 n - a wand of scattershot (5)
 o - a wand of random effects (26)
 H - a wand of digging (5)
Scrolls
 a - a scroll of silence
 b - a scroll of fog {unknown}
 j - a scroll of enchant armour {unknown}
 q - 3 scrolls of remove curse
 v - a scroll of enchant weapon {unknown}
 w - a scroll of magic mapping {unknown}
 A - a scroll of blinking {unknown}
 E - 2 scrolls of teleportation
Potions
 f - a potion of berserk rage {unknown}
 i - 3 potions of haste
 k - a potion of degeneration {unknown}
 p - 2 potions of agility
 r - 2 potions of curing
 s - 2 potions of ambrosia
 x - a potion of might {unknown}
 z - a potion of heal wounds {unknown}
 G - a potion of invisibility {unknown}
Comestibles
 c - 13 rations
 D - 4 chunks of flesh


   Skills:
 + Level 5.9 Fighting
 * Level 9.5(9.9) Maces & Flails
 + Level 4.0(7.3) Staves
 * Level 4.0 Throwing
 * Level 6.6 Armour
 * Level 4.3 Dodging
 - Level 1.0 Stealth
 * Level 3.3 Evocations


You had 8 spell levels left.
You didn't know any spells.
Your spell library was empty.

Dungeon Overview and Level Annotations

Branches:
Dungeon (7/15)
 Temple: D:4-7

Altars:
Makhleb
Nemelex Xobeh
Ru
Vehumet
Wu Jian


Innate Abilities, Weirdness & Mutations

You reflexively headbutt those who attack you in melee.
You have a pair of horns on your head.


Message History

* * * LOW HITPOINT WARNING * * *
The hippogriff claws you but does no damage.
The hungry ghost closely misses you. You furiously retaliate!
You headbutt the hungry ghost!
The gnoll hits you from afar with a spear.
* * * LOW HITPOINT WARNING * * *
The gnoll completely misses you.
You thump the hippogriff!
You kill the hippogriff!
Trog accepts your kill.
Your base Staves skill increases to level 4!
Your Throwing skill increases to level 4!
The orc closely misses you. The hungry ghost hits you.
* * * LOW HITPOINT WARNING * * *
You feel slightly more hungry.
The gnoll hits you from afar with a spear.
* * * LOW HITPOINT WARNING * * *
The orc hits you but does no damage.
The gnoll hits you from afar with a halberd.
You die...

#) .. #+#..
..# ..... ..#
...#####..####
...%........
#........#
#.))W....#
#.)@)....#
#.)o?g...# .
#....g$..#.(
#...........
#.......#...
#.......# ..
#...<...#
####+####


You could see a hungry ghost, 2 gnolls and an orc.

Vanquished Creatures
  A hippogriff (D:7)
  A steam dragon (D:5)
  A warg (D:6)
  Duvessa (D:5)
  An ice beast (D:4)
  3 phantoms
  A sky beast (D:6)
  A necrophage (D:6)
  An ogre (D:5)
  4 bullfrogs
  A wyvern zombie (D:6)
  Dowan (D:5)
  2 crimson imps
  3 hounds
  Crazy Yiuf (D:5)
  2 centaur skeletons
  5 orc priests
  5 orc wizards
  3 iguanas
  5 worker ants
  A hound skeleton (D:5)
  4 gnolls (D:5)
  5 adders
  An ooze (D:5)
  An adder skeleton (D:7)
  3 worms
  3 dart slugs
  6 leopard geckos
  26 orcs
  4 ball pythons
  4 bats
  3 giant cockroaches
  5 goblins
  9 hobgoblins
  10 jackals
  5 quokkas
  10 frilled lizards (D:1)
  9 kobolds
  8 rats
160 creatures vanquished.

Notes
Turn   | Place    | Note
-------+----------+-------------------------------------------
     0 | D:1      | whitewolfNL the Minotaur Berserker began the quest for the
                  | Orb.
     0 | D:1      | Reached XP level 1. HP: 19/19 MP: 0/0
   139 | D:1      | Reached skill level 4 in Maces & Flails
   141 | D:1      | Reached XP level 2. HP: 27/27 MP: 1/1
   757 | D:1      | Reached ** piety under Trog
   779 | D:1      | Reached XP level 3. HP: 27/33 MP: 2/2
  1656 | D:2      | Reached skill level 5 in Maces & Flails
  1656 | D:2      | Reached XP level 4. HP: 26/40 MP: 3/3
  2155 | D:2      | Found a burning altar of Makhleb.
  2262 | D:2      | Found a radiant altar of Vehumet.
  2509 | D:3      | Reached XP level 5. HP: 45/46 MP: 4/4
  2611 | D:3      | Reached skill level 6 in Maces & Flails
  3041 | D:3      | Reached skill level 1 in Throwing
  3041 | D:3      | Reached skill level 1 in Stealth
  3041 | D:3      | Reached XP level 6. HP: 27/53 MP: 5/5
  3619 | D:4      | Found an ornate altar of the Wu Jian Council.
  3629 | D:4      | Reached *** piety under Trog
  3629 | D:4      | Reached skill level 1 in Evocations
  3640 | D:4      | HP: 1/53 [phantom (4)]
  3982 | D:4      | Reached skill level 7 in Maces & Flails
  4027 | D:4      | Reached XP level 7. HP: 60/60 MP: 6/6
  4328 | D:4      | Reached skill level 8 in Maces & Flails
  4553 | D:5      | Entered Level 5 of the Dungeon
  4785 | D:5      | Found a runed door.
  4790 | D:5      | Noticed Crazy Yiuf
  4800 | D:5      | Killed Crazy Yiuf
  4800 | D:5      | Reached XP level 8. HP: 24/67 MP: 4/8
  5195 | D:5      | Reached skill level 5 in Fighting
  5195 | D:5      | Reached skill level 5 in Armour
  5536 | D:5      | Noticed Duvessa
  5536 | D:5      | Noticed Dowan
  5542 | D:5      | Killed Duvessa
  5545 | D:5      | Killed Dowan
  5545 | D:5      | Reached skill level 9 in Maces & Flails
  5571 | D:5      | Found a sparkling altar of Nemelex Xobeh.
  5574 | D:5      | Reached skill level 1 in Staves
  6133 | D:6      | Reached **** piety under Trog
  6133 | D:6      | Reached XP level 9. HP: 61/75 MP: 10/10
  6467 | D:6      | Found a sacrificial altar of Ru.
  6651 | D:7      | HP: 3/75 [gnoll/spear (5)]
  6651 | D:7      | Slain by a gnoll

Skill      XL: |  1  2  3  4  5  6  7  8  9 |
---------------+----------------------------+-----
Maces & Flails | 4 5 6 7 8 9 |  9.5
Fighting       | 4 5 |  5.9
Dodging        | 3 4 |  4.3
Throwing       | 1 2 3 4 |  4.0
Armour         | 3 4 6 |  6.6
Stealth        | 1 |  1.0
Evocations     | 1 2 3 |  3.3
Staves         | 3 4 |  4.0

Action                   |  1- 3 |  4- 6 |  7- 9 || total
-------------------------+-------+-------+-------++-------
Melee: Mace              |    69 |     9 |       ||    78
       Headbutt          |     7 |    16 |    40 ||    63
       Flail             |       |   103 |    56 ||   159
       Quarterstaff      |       |       |   104 ||   104
Invok: Berserk           |     2 |     4 |    10 ||    16
  Use: Scroll            |       |       |     6 ||     6
  Eat: Chunk             |     4 |    11 |    13 ||    28
       Ration            |       |       |     1 ||     1
Armor: Animal skin       |     8 |     1 |       ||     9
       Leather armour    |       |    13 |       ||    13
       Ring mail         |       |    13 |       ||    13
       Chain mail        |       |     9 |   146 ||   155
Dodge: Dodged            |    48 |    77 |   131 ||   256
